Map: Ascension to Aiur LE

Players

TIME (Oliveira)

  • Race: Terran Terran
  • Spawn Location: 11:00

Minato - Winner!

  • Race: Zerg Zerg
  • Spawn Location: 5:00

Event: WCS Jonkoping 2017

VOD

Have the link to the VOD?

Description

Time

  • Played on: June 17, 2017, 9:50 a.m.
  • Length: 11:39

All games in this series

Show
View Real Time Build Order
Export as new Build Order

TIME Terran 

Build Orders: Reaper Expand, MMM Bio 

Get SALT Encoding   

  12  0:00  SCV  
  13  0:13  SCV  
  14  0:17  Supply Depot  
  14  0:25  SCV  
  14  0:27  Refinery  
  15  0:38  SCV  
  16  0:45  Barracks  
  16  0:50  SCV  
  17  1:03  SCV  
  18  1:15  SCV  
  19  1:32  Orbital Command, Reaper  
  20  1:42  Command Center  
  20  1:53  Factory  
  20  1:57  SCV  
  21  2:06  Barracks Reactor  
  21  2:09  SCV  
  21  2:12  Supply Depot  
  22  2:16  Refinery  
  22  2:21  SCV  
  23  2:34  SCV  
  24  2:41  Hellion, Starport  
  24  2:43  Marine x2  
  28  2:55  SCV  
  29  3:02  Marine  
  31  3:16  Supply Depot  
  30  3:20  Marine  
  31  3:35  Widow Mine  
  31  3:36  Marine  
  31  3:38  Marine, Medivac  
  37  3:48  SCV  
  37  4:01  Orbital Command  
  37  4:08  Viking  
  39  4:11  Hellion x2, Barracks Tech Lab  
  43  4:18  SCV  
  43  4:21  Orbital Command  
  44  4:28  Armory  
  44  4:32  Hellion x2  
  44  4:37  SCV  
  49  4:49  SCV  
  49  4:50  SCV  
  51  4:53  Cloaking Field  
  51  4:54  Banshee  
  54  5:00  Supply Depot  
  54  5:01  Supply Depot  
  54  5:22  Hellion x2, SCV x2  
  60  5:34  Hellion x3  
  60  5:35  SCV  
  61  5:36  SCV  
  61  5:40  Command Center  
  50  5:50  Hellion x2  
  50  5:51  Banshee  
  50  5:52  SCV x2  
  50  5:53  Barracks Tech Lab  
  50  5:54  Supply Depot  
  60  6:04  SCV x2  
  61  6:16  Stimpack, SCV x2  
  61  6:17  Supply Depot  
  63  6:20  Barracks x2  
  61  6:25  Factory Reactor  
  61  6:28  SCV x2  
  63  6:39  Marine  
  64  6:40  SCV x2  
  64  6:44  Engineering Bay  
  64  6:45  Engineering Bay  
  66  6:50  Starport Reactor  
  66  6:52  SCV x2  
  66  6:56  Orbital Command  
  66  6:59  Refinery x2  
  66  7:01  Marine  
  66  7:04  SCV x2  
  69  7:09  Marine x2  
  69  7:14  Terran Infantry Armor Level 1, Terran Infantry Weapons Level 1  
  69  7:15  Factory Reactor  
  68  7:16  SCV  
  68  7:17  SCV  
  68  7:18  Marine x2  
  68  7:20  Marine  
  73  7:23  Orbital Command  
  73  7:29  SCV x2, Barracks  
  75  7:30  Medivac  
  75  7:32  Barracks  
  75  7:33  Medivac  
  75  7:34  Marine  
  75  7:35  Marine  
  81  7:37  Marine  
  81  7:38  Marine  
  81  7:41  SCV x2  
  81  7:42  Marine  
  86  7:52  Marine  
  86  7:53  SCV x2, Marine  
  86  7:55  SCV, Marine  
  86  7:56  Marine  
  89  8:00  Marine  
  89  8:03  Medivac, Widow Mine x2  
  89  8:05  SCV x2  
  78  8:10  Marine  
  78  8:11  Marine  
  76  8:13  Marine  
  76  8:14  SCV, Marine  
  76  8:18  SCV, Marine  
  76  8:19  SCV  
  69  8:21  Orbital Command  
  66  8:28  Marine  
  66  8:29  Marine  
  66  8:30  SCV  
  66  8:31  Marine, SCV  
  67  8:34  Marine  
  67  8:36  Marine, Widow Mine  
  71  8:42  SCV  
  71  8:45  Barracks Reactor  
  71  8:46  Marine  
  71  8:47  Marine  
  74  8:54  Marine x2  
  74  8:55  Barracks Reactor  
  76  8:56  Combat Shields  
  76  8:57  SCV  
  76  8:58  SCV  
  76  9:02  Marine, Supply Depot  
  79  9:03  Widow Mine  
  79  9:06  Marine, SCV  
  79  9:07  Marine  
  84  9:12  Marine  
  84  9:15  Marine  
  82  9:19  Marine  
  82  9:20  Widow Mine  
  82  9:21  SCV  
  82  9:22  Marine  
  82  9:24  Marine  
  87  9:28  Marine  
  87  9:29  Marine x2, SCV  
  85  9:32  Marine  
  85  9:33  SCV, Marine  
  85  9:35  SCV  
  86  9:39  Marine  
  86  9:41  Marine, SCV  
  86  9:42  Marine  
  85  9:49  SCV  
  85  9:51  Marine  
  85  9:52  Orbital Command  
  79  9:56  Marine  
  76  10:00  Medivac x2  
  76  10:01  Marine  
  76  10:04  SCV  
  78  10:16  SCV  
  78  10:20  Marine  
  78  10:21  SCV  
  79  10:28  SCV  
  79  10:32  Medivac  
  79  10:34  Medivac  
  79  10:35  Orbital Command  
  84  10:37  SCV  
  84  10:40  Marine  
  86  10:43  Marine  
  86  10:45  Marine  
  86  10:49  Marine  
  86  10:52  SCV  
  86  10:53  Marine  
  84  11:01  SCV  
  84  11:02  Marine, SCV  
  87  11:07  SCV  
  87  11:08  Marine  
  89  11:13  SCV  
  89  11:16  Marine x3  
  89  11:17  Marine  
  75  11:19  Marine  
  75  11:21  Marine x2  
Show
View Real Time Build Order
Export as new Build Order

Minato Zerg - Winner!

Build Orders: Pool First 

Get SALT Encoding   

  12  0:00  Drone  
  13  0:12  Overlord  
  13  0:17  Drone  
  14  0:30  Drone  
  14  0:31  Drone  
  16  0:37  Extractor  
  15  0:43  Spawning Pool  
  15  0:47  Drone  
  15  0:50  Drone  
  17  0:57  Drone  
  17  1:18  Hatchery  
  16  1:30  Zergling x6  
  19  1:39  Metabolic Boost  
  19  1:48  Queen  
  21  1:55  Overlord  
  21  1:59  Zergling x2  
  22  2:14  Zergling x4  
  24  2:23  Queen  
  24  2:27  Zergling x2  
  27  2:37  Zergling x2  
  27  2:38  Zergling x2  
  29  2:47  Queen, Drone x2  
  33  2:55  Zergling x2  
  34  3:03  Zergling x4  
  35  3:06  Zergling x2  
  34  3:26  Drone x2  
  35  3:27  Overlord x2  
  35  3:37  Overlord  
  35  3:39  Hatchery  
  34  3:44  Drone  
  34  3:45  Drone  
  36  3:51  Drone x3  
  36  3:53  Drone  
  40  4:04  Drone x4  
  40  4:08  Drone  
  45  4:11  Drone  
  46  4:17  Queen  
  46  4:23  Queen  
  50  4:28  Drone x2  
  50  4:30  Drone  
  50  4:31  Drone  
  54  4:33  Drone  
  54  4:35  Drone  
  56  4:39  Overlord  
  56  4:42  Zergling x2  
  56  4:43  Zergling x2  
  56  4:44  Zergling x2  
  59  4:48  Extractor x2  
  59  4:52  Drone  
  54  4:53  Zergling x4  
  54  4:55  Zergling x2  
  59  5:01  Evolution Chamber, Zergling x4  
  59  5:02  Evolution Chamber  
  59  5:03  Zergling x2  
  59  5:07  Spore Crawler  
  59  5:13  Drone  
  59  5:14  Drone x3  
  60  5:19  Queen  
  64  5:23  Zergling x4  
  66  5:34  Overlord x2  
  66  5:35  Overlord  
  66  5:41  Zergling x8  
  59  5:47  Zergling x2  
  57  5:51  Zerg Ground Armor Level 1, Zerg Melee Weapons Level 1  
  57  5:56  Zergling x10  
  57  5:57  Spore Crawler  
  61  5:58  Zergling x2  
  62  6:08  Zergling x10  
  66  6:29  Drone x6  
  72  6:39  Zergling x8  
  76  6:42  Overlord  
  76  6:45  Spore Crawler  
  75  6:50  Hatchery  
  67  6:56  Zergling x2  
  67  6:59  Lair  
  68  7:04  Drone x2  
  68  7:07  Zergling x2  
  71  7:10  Hatchery, Zergling x6  
  73  7:16  Spore Crawler  
  73  7:20  Zergling x8  
  76  7:23  Overlord  
  76  7:36  Overlord x2  
  76  7:41  Queen  
  76  7:42  Zergling x6  
  76  7:43  Zergling x6  
  80  8:00  Zergling x6  
  80  8:01  Zergling x2  
  80  8:07  Zergling x4  
  81  8:13  Zerg Melee Weapons Level 2  
  81  8:18  Zergling x4  
  81  8:19  Zergling x6  
  81  8:22  Zergling x2  
  81  8:23  Zergling x2  
  78  8:29  Zergling x4  
  71  8:34  Infestation Pit  
  71  8:36  Zergling x8  
  73  8:44  Baneling Nest, Drone x5  
  73  8:47  Hatchery  
  76  8:52  Zergling x4  
  78  8:57  Zergling x6  
  81  9:03  Zergling x6  
  81  9:04  Zergling x2  
  81  9:08  Zergling x2  
  81  9:09  Zergling x10  
  90  9:19  Zergling x4  
  90  9:20  Zergling x10  
  95  9:28  Zergling x6  
  87  9:32  Centrifical Hooks  
  87  9:35  Zergling x2  
  86  9:44  Zergling x8  
  81  9:51  Zergling x8  
  78  9:56  Queen  
  78  10:01  Zergling x8  
  78  10:06  Zergling x8  
  82  10:11  Overseer  
  82  10:12  Zergling x2  
  82  10:13  Zergling x4  
  82  10:20  Zergling x4  
  82  10:26  Zergling x8  
  82  10:35  Baneling  
  82  10:36  Baneling x7  
  82  10:38  Zergling x8  
  86  10:47  Zergling x4  
  87  10:54  Zergling x6  
  87  10:55  Zergling x6  
  86  11:03  Zergling x6  
  89  11:04  Baneling x3  
  89  11:08  Hatchery  
  78  11:18  Zergling x4  
  78  11:19  Zergling x8  
Tags
 
Add a new tag
Caveats
  • Supply blocks, unpowered buildings, or Contaminate may cause inaccurate times.
  • Supply counts are checked every 10 seconds.